 Dungeon Crawl Stone Soup version 0.31.0-11-ge490571c62 (webtiles) character file.

Game seed: 1897740353510006616

2376043 Sergey the Axe Maniac (level 23, 236/236 HPs)
             Began as a Minotaur Fighter on Jan 30, 2024.
             Was an Elder of Okawaru.
             Escaped with the Orb
             ... and 3 runes
             ... and 2 gems!
             The game lasted 00:57:32 (39706 turns).

Sergey the Axe Maniac (Minotaur Fighter)           Turns: 39706, Time: 00:57:32

Health: 236/236    AC: 34    Str: 33    XL:     23   Next: 73%
Magic:  31/31      EV: 11    Int:  5    God:    Okawaru [****..]
Gold:   1778       SH:  8    Dex: 12    Spells: 22/22 levels left

rFire   + + .        w - +5 broad axe (vamp)
rCold   + + .        Q - +2 buckler {AC+3}
rNeg    + . .        o - +0 gold dragon scales
rPois   +            Z - +2 hat
rElec   +            n - scarf "Osizxugu" {rC+ rF+, Rampage +Blink rElec Regen+}
rCorr   .            H - +0 pair of gloves of Huprunye {rN+ Str+3}
SInv    .            k - +2 pair of boots
Will    ++...        r - amulet of regeneration Stlth
                     X - +4 ring of protection
HPRegen 2.19/turn    f - ring of willpower
MPRegen 0.22/turn

%: rampage
@: no status effects
A: horns 2, retaliatory headbutt, deformed body, noise suppression
0: Orb of Zot
}: 3/15 runes: decaying, silver, gossamer
a: Renounce Religion, Evoke Blink, Heroism, Finesse


You escaped.
You worshipped Okawaru.
Okawaru was greatly pleased with you.
You visited 9 branches of the dungeon, and saw 45 of its levels.
You visited the Abyss 2 times.
You also visited: Sewer, Bailey, Ice Cave and Wizlab.

You collected 5436 gold pieces.
You spent 3658 gold pieces at shops.

Inventory:

Hand Weapons
 a - the +1 hand axe "Pocviy" {venom, rElec rN+}
   (You found it on level 5 of the Dungeon)

   rElec:     It insulates you from electricity.
   rN+:       It protects you from negative energy.
 b - a +4 short sword of distortion {!w}
 e - a +1 scimitar of flaming
 w - a +5 vampiric broad axe (weapon)
Missiles
 j - 20 boomerangs (quivered)
 y - 10 curare-tipped darts
 A - 6 javelins
 F - 5 silver javelins
Armour
 k - a +2 pair of boots (worn)
 n - the scarf "Osizxugu" (worn) {rC+ rF+, Rampage +Blink rElec Regen+}
   (You acquired it on level 2 of the Spider Nest)

   rElec:     It insulates you from electricity.
   +Blink:    It lets you blink.
   Regen+:    It increases your rate of health regeneration.
   Rampage:   It bestows one free step when moving towards enemies.
 o - +0 gold dragon scales (worn)
 x - a +3 crystal plate armour of cold resistance
 H - the +0 pair of gloves of Huprunye (worn) {rN+ Str+3}
   (You bought it in a shop on level 2 of the Orcish Mines)

   Str+3:     It affects your strength (+3).
   rN+:       It protects you from negative energy.
 J - the +0 hat of the Guilds {rC+ Int+3}
   (You found it on level 4 of the Spider Nest)

   Int+3:     It affects your intelligence (+3).
   rC+:       It protects you from cold.
 Q - a +2 buckler of protection (worn)
 Z - a +2 hat (worn)
Jewellery
 d - a +4 ring of slaying
 f - a ring of willpower (right hand)
 l - a ring of fire
 r - an amulet of regeneration (around neck)
 s - a ring of resist corrosion
 u - an amulet of reflection
 G - the ring of Noyly {Ice rN+ SInv}
   (You found it in an ice cave)

   [ring of ice]

   Ice:       It enhances your ice magic.
   rF-:       It makes you vulnerable to fire.
   rC+:       It protects you from cold.
   rN+:       It protects you from negative energy.
   SInv:      It lets you see invisible.
 K - the ring "Fibe" {rF+ rC+ Dex+4}
   (You acquired it on level 3 of the Depths)

   [ring of protection from cold]

   Dex+4:     It affects your dexterity (+4).
   rF+:       It protects you from fire.
   rC+:       It protects you from cold.
 N - a +4 ring of protection
 V - a ring of poison resistance
 W - a ring of positive energy
 X - a +4 ring of protection (left hand)
 Y - a +6 ring of dexterity
Wands
 c - a wand of light (36)
 i - a wand of roots (56)
 v - a wand of digging (9)
Scrolls
 h - 4 scrolls of teleportation {@r3}
 I - 4 scrolls of fog {@r2}
Potions
 g - 2 potions of magic
 m - a potion of heal wounds {@q1}
 p - 2 potions of haste {@q5}
 q - 7 potions of attraction
 t - 3 potions of curing {@q2}
 z - 4 potions of mutation
 C - 4 potions of lignification
 D - 6 potions of cancellation
 E - a potion of resistance
 L - 3 potions of enlightenment
 T - 3 potions of might {@q3}
 U - 8 potions of ambrosia
Miscellaneous
 B - a tin of tremorstones (2/2)
 M - a phantom mirror
 R - a lightning rod (4/4)
 S - a phial of floods


   Skills:
 + Level 26.1 Fighting
 O Level 27 Axes
 - Level 16.0 Throwing
 + Level 24.0 Armour
 - Level 9.4 Dodging
 - Level 9.0 Shields
 - Level 12.0 Invocations
 - Level 5.0 Evocations


You had 22 spell levels left.
You didn't know any spells.
Your spell library contained the following spells:

 Spells                   Type           Power      Damage    Failure   Level
 Foxfire                  Conj/Fire      0%         2x1d4     98%         1
 Magic Dart               Conj           0%         1d3       98%         1
 Necrotise                Necr           0%         1d4       98%         1
 Slow                     Hex            0%         N/A       98%         1
 Sting                    Conj/Alch      0%         1d3       98%         1
 Blink                    Tloc           0%         N/A       99%         2
 Cigotuvi's Dreadful Rot  Necr/Alch/Air  0%         N/A       99%         2
 Jinxbite                 Hex            0%         N/A       99%         2
 Mercury Vapours          Alch/Air       0%         N/A       99%         2
 Searing Ray              Conj           0%         2d4       99%         2
 Static Discharge         Conj/Air       0%         3-3/arc   99%         2
 Sublimation of Blood     Necr           0%         N/A       99%         2
 Confusing Touch          Hex            0%         N/A       100%        3
 Dazzling Flash           Conj/Hex       0%         N/A       100%        3
 Frozen Ramparts          Ice            0%         1d1       100%        3
 Fugue of the Fallen      Necr           0%         N/A       100%        3
 Hailstorm                Conj/Ice       0%         3d5       100%        3
 Inner Flame              Hex/Fire       0%         N/A       100%        3
 Mephitic Cloud           Conj/Alch/Air  0%         N/A       100%        3
 Ozocubu's Armour         Ice            0%         N/A       100%        3
 Sigil of Binding         Hex            0%         N/A       100%        3
 Vampiric Draining        Necr           0%         2d6       100%        3
 Airstrike                Air            0%         2d(0-16)  100%        4
 Brom's Barrelling Bould  Conj/Erth      0%         2d3       100%        4
 Dimensional Bullseye     Hex/Tloc       0%         N/A       100%        4
 Flame Wave               Conj/Fire      0%         2d4       100%        4
 Fulminant Prism          Conj/Alch      0%         3d5       100%        4
 Iskenderun's Mystic Bla  Conj/Tloc      0%         2d3       100%        4
 Leda's Liquefaction      Alch/Erth      0%         N/A       100%        4
 Manifold Assault         Tloc           0%         N/A       100%        4
 Olgreb's Toxic Radiance  Alch           0%         N/A       100%        4
 Passage of Golubria      Tloc           0%         N/A       100%        4
 Petrify                  Alch/Erth      0%         N/A       100%        4
 Sticky Flame             Fire/Alch      0%         2d4       100%        4
 Vhi's Electric Charge    Tloc/Air       0%         N/A       100%        4
 Arcjolt                  Conj/Air       0%         1d10      100%        5
 Curse of Agony           Necr           0%         N/A       100%        5
 Fireball                 Conj/Fire      0%         3d3       100%        5
 Freezing Cloud           Conj/Ice/Air   0%         6-21      100%        5
 Irradiate                Conj/Alch      0%         3d11      100%        5
 Iskenderun's Battlesphe  Conj           0%         2d6       100%        5
 Metabolic Englaciation   Hex/Ice        0%         N/A       100%        5
 Silence                  Hex/Air        0%         N/A       100%        5
 Yara's Violent Unravell  Hex/Alch       0%         3d3       100%        5
 Conjure Ball Lightning   Conj/Air       0%         3x3d6     100%        6
 Plasma Beam              Fire/Air       0%         2x1d10    100%        6
 Starburst                Conj/Fire      0%         6d3       100%        6
 Enfeeble                 Hex            0%         N/A       100%        7
 Orb of Destruction       Conj           0%         9d5       100%        7
 Call Imp                 Summ           Unusable   N/A       N/A         2
 Summon Ice Beast         Ice/Summ       Unusable   N/A       N/A         3
 Tukima's Dance           Hex            Unusable   N/A       N/A         3
 Martyr's Knell           Necr/Summ      Unusable   N/A       N/A         4
 Summon Lightning Spire   Summ/Air       Unusable   N/A       N/A         4
 Summon Mana Viper        Hex/Summ       Unusable   N/A       N/A         5
 Sculpt Simulacrum        Ice/Alch       Unusable   N/A       N/A         6

Dungeon Overview and Level Annotations

Branches:
Dungeon (15/15)            Temple (1/1) D:4            Lair (5/5) D:10
  Swamp (4/4) Lair:3       Spider (4/4) Lair:3          Orc (2/2) D:11
    Elf (0/3) Orc:2        Vaults (5/5) D:14          Crypt (0/3) Vaults:3
 Depths (4/4) D:15            Zot (5/5) Depths:4      Sewer (visited)
 Bailey (visited)           IceCv (visited)          WizLab (visited)
  Slime: Lair:4-5

Altars:
Ashenzari
Cheibriados
Dithmenos
Elyvilon
Fedhas
Gozag
Hepliaklqana
Kikubaaqudgha
Makhleb
Nemelex Xobeh
Okawaru
Qazlal
Ru
Sif Muna
Trog
Uskayaw
Vehumet
Wu Jian
Xom
Yredelemnul
Zin
The Shining One

Shops:
D:5 (*   D:7 =   D:8 (   D:10 (   Orc:2 [!*:   Vaults:3 :   Vaults:4 (
Depths:2 (   Depths:3 *

Portals:
Hell: Depths:2 Depths:4
Ziggurat: Depths:2

Annotations:
Lair:4 exclusion: 2 oklob plants
Lair:5 1 runed translucent door, Vig Uhad's ghost, journeyman OpSh
Swamp:4 3 runed translucent doors, Skimidon's ghost, adept OnBr
Spider:1 1 runed translucent door, Detar's ghost, adept HOFi; Roxanne
Vaults:1 exclusion: door
Depths:4 1 exclusion
Zot:4 exclusion: death cob
Zot:5 5 transporters


Innate Abilities, Weirdness & Mutations

You have a pair of horns on your head.
You reflexively headbutt those who attack you in melee.
Armour fits poorly on your strangely shaped body.
You passively dampen the noise of your surroundings.


Message History

This square is covered in magical glow.
The rock shatters into small pieces.
The hell beast bites you but does no damage.
You block the hell beast's attack.
The hell beast bites you but does no damage.
You block the hell beast's attack.
The hell beast attacks as it pursues you!
You block the hell beast's attack. The hell beast misses you.
The hell beast attacks as it pursues you!
The hell beast closely misses you. x2
There is a stone staircase leading up here.
The hell beast bites you but does no damage.
The hell beast completely misses you.
You climb upwards.
There is a stone staircase leading down here.
You closely miss the hell beast.
The hell beast is severely wounded.
You hit the hell beast.
The hell beast is almost dead.
The hell beast barely misses you. The hell beast tramples you!
You hold your ground!
You closely miss the hell beast. Your headbutt misses the hell beast.
The hell beast is almost dead.
You block the hell beast's attack. The hell beast closely misses you.
You slice the hell beast!!
You kill the hell beast!
Okawaru accepts your kill.
No target in view!
No target in view!
No target in view!
HP restored.
There is a stone staircase leading up here.
You climb upwards.
There is a stone staircase leading down here.
There is an open door here.
Your extra speed is starting to run out.
You feel yourself slow down.
There is a staircase leading out of the dungeon here.
There is a staircase leading out of the dungeon here.
You have escaped!

#..# ##.##
##..#
####...####
#..#...#..#
#.##...##.#
#.........#
####.#.####
#.#.#.#@#
#...+...#
#########


There were no monsters in sight!

Vanquished Creatures
  A dread lich (Abyss:3)
  4 ancient liches (Zot:5)
  4 orbs of fire (Zot:5)
  A caustic shrike (Depths:1)
  4 Killer Klowns (Zot:5)
  A curse toe (Zot:5)
  11 golden dragons
  Jory (Vaults:5)
  Nikola (Spider:1)
  A bone dragon (Depths:4)
  A Tzitzimitl (Zot:5)
  An electric golem (Zot:5)
  Jorgrun (D:14)
  Rupert (D:15)
  Asterion (Vaults:1)
  12 tentacled monstrosities
  3 liches
  25 Orb Guardians (Zot:5)
  2 Executioners
  3 titans (Vaults:5)
  2 sphinxes
  Agnes (Spider:1)
  6 quicksilver dragons
  9 death cobs
  Kirke (Lair:4)
  4 tentacled starspawn
  12 tengu reavers
  3 thorn hunters
  5 storm dragons
  A daeva (Depths:4)
  4 shadow dragons
  A fenstrider witch (Swamp:1)
  5 draconian monks
  An iron dragon (Vaults:5)
  5 draconian knights
  4 fire giants
  23 vault wardens
  7 ghost moths
  12 frost giants
  3 emperor scorpions
  5 draconian shifters
  11 ironbound preservers
  6 draconian scorchers
  3 draconian stormcallers
  A cacodemon (Depths:1)
  2 orc warlords
  5 very ugly things
  A reaper (D:12)
  2 spriggan defenders (Depths:2)
  A formless jellyfish (Vaults:4)
  6 draconian annihilators
  A broodmother (Spider:3)
  6 eleionomae
  3 ironbound thunderhulks
  10 green draconians
  A deep elf demonologist (Vaults:5)
  11 stone giants
  A bunyip (Swamp:4)
  13 black draconians
  Azrael (D:14)
  9 white draconians
  A deep elf death mage (Vaults:4)
  15 yellow draconians
  8 spark wasps
  6 red draconians
  14 purple draconians
  A deep elf annihilator (Vaults:5)
  3 dire elephants (Vaults:4)
  Snorg (Lair:4)
  10 entropy weavers
  6 ettins
  3 fire dragons
  A shambling mangrove (Arena)
  8 yaktaur captains
  A quicksilver dragon zombie (D:15)
  Fannar (Orc:1)
  An entropy weaver (shapeshifter) (D:14)
  2 hell beasts
  3 rakshasas
  14 ice dragons
  4 great orbs of eyes
  Erolcha (D:9)
  The ghost of Nattefrost the Green Death, a journeyman DsMo of Fedhas (D:11)
  37 vault guards
  A catoblepas (Lair:5)
  2 jorogumos
  A spriggan air mage (Depths:1)
  Harold (D:9)
  Erica (D:9)
  5 alligators
  A ghost crab (Swamp:4)
  3 ogre magi (Vaults:5)
  24 hydras
  11 ironbound frosthearts
  5 radroaches
  A death knight (D:15)
  3 two-headed ogres
  18 centaur warriors
  5 boulder beetles
  2 deep troll earth magi
  4 demonic crawlers
  5 hell hogs
  2 deep troll shamans
  4 tengu warriors
  4 orc high priests (Orc:2)
  A sphinx skeleton (D:15)
  A vampire mage (Depths:1)
  A shock serpent (shapeshifter) (Vaults:5)
  5 hell knights (Depths:2)
  8 sun demons (Depths:4)
  5 goliath frogs
  A shadow wraith (Vaults:5)
  A fire crab (Lair:5)
  7 pharaoh ants
  A death drake (shapeshifter) (Vaults:5)
  A spark wasp zombie (D:15)
  2 skeletal warriors (D:15)
  5 glowing orange brains
  An orange crystal statue (IceCv)
  3 arcanists (Vaults:4)
  27 deep trolls
  2 flayed ghosts
  16 swamp dragons
  2 bog bodies (Swamp:2)
  A sun moth (Spider:3)
  18 orb spiders
  4 large abominations (Abyss:3)
  A lindwurm (shapeshifter) (Vaults:5)
  3 phantasmal warriors (Vaults:5)
  13 ironbound convokers
  4 orc knights
  4 lindwurms
  Pikel (D:9)
  2 steelbarb worms
  6 necromancers
  21 ugly things
  6 manticores
  25 wolf spiders
  3 deep elf pyromancers
  2 orc sorcerers (Orc:2)
  8 cyclopes
  5 will-o-the-wisps
  A shining eye (Depths:4)
  6 meliai
  21 moths of wrath
  A worldbinder (Abyss:3)
  7 black mambas
  2 water nymphs (Swamp:4)
  2 water nymphs (shapeshifter) (Vaults:5)
  2 smoke demons (Abyss:3)
  A kobold blastminer (Orc:1)
  21 vault sentinels
  4 eyes of devastation
  5 torpor snails
  9 cane toads
  5 elephants
  2 gargoyles
  2 orange demons (Depths:1)
  16 rime drakes
  16 yaktaurs
  An unseen horror (D:13)
  3 kobold demonologists
  2 efreet
  A freezing wraith (Vaults:5)
  Psyche (D:12)
  11 komodo dragons
  A tengu conjurer (D:14)
  An ancient zyme (Abyss:3)
  A queen bee (shapeshifter) (D:13)
  6 polar bears
  9 tyrant leeches
  A bloated husk (Swamp:4)
  4 trolls
  13 blink frogs
  Prince Ribbit (D:6)
  18 hornets
  18 tarantellas
  8 dream sheep
  2 glass eyes (Depths:1)
  A snapping turtle (shapeshifter) (Vaults:5)
  38 jumping spiders
  A jumping spider (shapeshifter) (Vaults:5)
  A culicivora (shapeshifter) (Vaults:5)
  2 shadows
  22 yaks
  18 culicivoras
  8 slime creatures
  A spriggan (shapeshifter) (D:15)
  A ynoxinul (Abyss:3)
  7 spriggans
  5 water elementals (Depths:2)
  A warg (Orc:2)
  11 basilisks
  A human (Lair:4)
  3 wraiths
  3 fire elementals (D:14)
  8 wyverns
  A fire bat (D:9)
  An alligator snapping turtle simulacrum (Abyss:3)
  6 vampire mosquitoes
  2 chaos spawn (Abyss:3)
  3 steam dragons (Lair:5)
  A steam dragon (shapeshifter) (D:13)
  2 hogs (Lair:4)
  69 redbacks
  A swamp worm (shapeshifter) (Vaults:3)
  14 swamp worms
  19 water moccasins
  3 acid dragons
  5 hell hounds
  9 swamp drakes
  35 orc warriors
  3 ice beasts
  2 sky beasts
  3 black bears
  10 ogres
  3 small abominations (Abyss:3)
  8 wolves (Lair:5)
  8 laughing skulls
  3 boggarts (Vaults:1)
  11 centaurs
  3 lemures (D:9)
  The ghost of sausages the Changeling, an amateur OpSh (D:3)
  2 phantoms
  8 kobold brigands
  Blork the orc (D:4)
  13 bullfrogs
  3 gnoll sergeants
  14 scorpions
  14 wights
  4 killer bees (D:9)
  A vampire bat (Lair:1)
  3 howler monkeys (D:12)
  A bombardier beetle (D:6)
  A crimson imp (D:5)
  4 jellies
  6 hounds
  4 gnoll boudas
  35 orc priests
  3 sleepcaps
  11 iguanas
  An iron imp (Abyss:3)
  28 orc wizards
  17 gnolls
  7 adders
  A shadow imp (D:7)
  4 white imps
  2 ufetubi (D:7)
  4 dart slugs
  2 ribbon worms (Lair:3)
  85 orcs
  5 ball pythons
  9 endoplasms
  6 giant cockroaches
  5 goblins
  10 hobgoblins
  3 jackals (D:2)
  3 quokkas
  10 bats
  3 frilled lizards
  36 kobolds
  7 rats
  A lurking horror (Abyss:3)
  A spectral weapon (Vaults:1)
  5 starspawn tentacles
1715 creatures vanquished.

Vanquished Creatures (others)
  A draconian knight (Zot:4)
  A ghost moth (Spider:4)
  An alligator (Swamp:3)
  A deep elf pyromancer (D:14)
  A wolf spider (Spider:1)
  2 bloated husks
  A tarantella (Spider:1)
  A tyrant leech (Swamp:3)
  A centaur simulacrum (D:14)
  A culicivora (Spider:4)
  5 redbacks
  An orc (Bailey)
  6 foxfires
  7 starspawn tentacles
30 creatures vanquished.

Grand Total: 1745 creatures vanquished

Notes
Turn   | Place    | Note
-------+----------+-------------------------------------------
     0 | D:1      | Sergey the Minotaur Fighter began the quest for the Orb.
     0 | D:1      | Reached XP level 1. HP: 19/19 MP: 0/0
   196 | D:1      | Reached XP level 2. HP: 27/27 MP: 1/1
   212 | D:1      | Reached skill level 3 in Axes
   698 | D:2      | Reached XP level 3. HP: 31/34 MP: 2/2
  1314 | D:3      | Found a basalt altar of Yredelemnul.
  1454 | D:3      | Reached skill level 4 in Axes
  1640 | D:3      | Reached XP level 4. HP: 41/41 MP: 3/3
  1753 | D:3      | Reached skill level 5 in Fighting
  1880 | D:3      | Noticed a scorpion
  1881 | D:3      | Found a runed translucent gate.
  1883 | D:3      | Found a runed translucent gate.
  1898 | D:3      | Found a runed translucent gate.
  1902 | D:3      | Noticed sausages's ghost (amateur OpSh)
  2090 | D:3      | Found a faded altar of an unknown god.
  2318 | D:4      | Noticed Blork the orc
  2537 | D:4      | Noticed a scorpion
  2538 | D:4      | Killed a scorpion
  2539 | D:4      | Reached skill level 5 in Axes
  2539 | D:4      | Reached XP level 5. HP: 50/50 MP: 4/4
  2630 | D:4      | Killed Blork the orc
  2754 | D:4      | Found a staircase to the Ecumenical Temple.
  2910 | D:4      | Reached XP level 6. HP: 38/58 MP: 5/5
  2944 | Temple   | Entered the Ecumenical Temple
  2985 | D:4      | Found a glowing golden altar of the Shining One.
  2990 | D:4      | Reached skill level 6 in Axes
  2998 | D:4      | Found a broken altar of Ashenzari.
  3128 | D:5      | Entered Level 5 of the Dungeon
  3171 | D:5      | Found Adumoym's Assorted Antiques.
  3233 | D:5      | Found Fapn's Antique Weapon Emporium.
  3294 | D:5      | Found a glowing drain.
  3298 | Sewer    | Entered a sewer
  3410 | Sewer    | Reached XP level 7. HP: 59/66 MP: 6/6
  3634 | D:5      | Reached skill level 7 in Axes
  3752 | D:5      | Reached skill level 8 in Axes
  3818 | D:5      | Identified the +1 hand axe "Pocviy" {venom, rElec rN+}
  3909 | D:5      | Found a burning altar of Makhleb.
  3917 | D:5      | Reached XP level 8. HP: 74/74 MP: 7/7
  4028 | D:5      | Bought a scroll of identify for 54 gold pieces
  4028 | D:5      | Bought a scroll labelled DAILEOB UWIKOWK for 27 gold pieces
  4028 | D:5      | Bought a scroll labelled HASARANYGY for 27 gold pieces
  4028 | D:5      | Bought an orange potion for 24 gold pieces
  4028 | D:5      | Bought a brass wand for 108 gold pieces
  4061 | D:5      | Reached skill level 9 in Axes
  4189 | D:6      | Found a shadowy altar of Dithmenos.
  4246 | D:6      | Reached skill level 10 in Axes
  4302 | D:6      | Found an ancient bone altar of Kikubaaqudgha.
  4371 | D:6      | Reached skill level 11 in Axes
  4476 | D:6      | Noticed Prince Ribbit
  4494 | D:6      | Killed Prince Ribbit
  4641 | D:6      | Reached skill level 12 in Axes
  4681 | D:6      | Reached skill level 1 in Evocations
  4850 | D:6      | Reached XP level 9. HP: 81/81 MP: 8/8
  5261 | D:7      | Found a flagged portal.
  5273 | Bailey   | Entered a bailey
  5369 | Bailey   | Noticed an orc knight
  5419 | D:7      | Reached skill level 5 in Evocations
  5461 | D:7      | Found a stormy altar of Qazlal.
  5462 | D:7      | Found a blossoming altar of Fedhas.
  5473 | D:7      | Found an ancient bone altar of Kikubaaqudgha.
  5473 | D:7      | Found an ancient bone altar of Kikubaaqudgha.
  5473 | D:7      | Noticed a troll
  5508 | D:7      | Reached skill level 5 in Armour
  5530 | D:7      | Killed a troll
  5538 | D:7      | Noticed a boulder beetle
  5550 | D:7      | Killed a boulder beetle
  5551 | D:7      | Reached XP level 10. HP: 64/93 MP: 9/9
  5581 | D:7      | Reached skill level 10 in Fighting
  5643 | D:7      | Found a basalt altar of Yredelemnul.
  5881 | D:7      | Noticed a manticore
  5893 | D:7      | Killed a manticore
  6239 | D:7      | Reached skill level 10 in Armour
  6298 | D:7      | Reached skill level 1 in Dodging
  6430 | D:7      | Found Reshas's Jewellery Boutique.
  6603 | D:8      | Found Vulag's Antique Weapon Emporium.
  6646 | D:8      | Found a glowing silver altar of Zin.
  6672 | D:8      | Found a radiant altar of Vehumet.
  6922 | D:8      | Identified the +1 quarterstaff of the Eternal Void {vamp,
                  | Fly}
  6949 | D:8      | Found an iron altar of Okawaru.
  6962 | D:8      | Became a worshipper of Warmaster Okawaru
  7322 | D:8      | Reached skill level 1 in Invocations
  7397 | D:9      | Noticed Erolcha
  7424 | D:9      | Killed Erolcha
  7424 | D:9      | Reached * piety under Okawaru
  7425 | D:9      | Reached skill level 5 in Dodging
  7608 | D:9      | Noticed a boulder beetle
  7730 | D:9      | Reached XP level 11. HP: 90/98 MP: 12/12
  7741 | D:8      | Bought a glowing broad axe for 210 gold pieces
  7826 | D:9      | Found a shimmering altar of Xom.
  7991 | D:9      | Reached ** piety under Okawaru
  8072 | D:9      | Paralysed by a hornet for 2 turns
  8141 | D:9      | Noticed Pikel
  8168 | D:9      | Killed Pikel
  8169 | D:9      | Noticed Erica
  8173 | D:9      | Noticed Harold
  8180 | D:9      | Noticed a two-headed ogre
  8184 | D:9      | Killed Erica
  8185 | D:9      | Reached skill level 5 in Invocations
  8187 | D:9      | Killed a two-headed ogre
  8193 | D:9      | Killed Harold
  8489 | D:9      | Noticed a boulder beetle
  8520 | D:9      | Killed a boulder beetle
  8520 | D:9      | Reached *** piety under Okawaru
  8619 | D:10     | Entered Level 10 of the Dungeon
  8619 | D:10     | Noticed a red ugly thing
  8619 | D:10     | Found Kagoacw's Weapon Boutique.
  8631 | D:9      | Killed a red ugly thing
  8723 | D:10     | Found a bloodstained altar of Trog.
  8899 | D:10     | Found a staircase to the Lair.
  9139 | D:10     | Found a hide-covered altar of Uskayaw.
  9305 | D:11     | Noticed a white ugly thing
  9473 | D:11     | Paralysed by a hornet for 2 turns
  9558 | D:11     | Found a runed translucent door.
  9558 | D:11     | Noticed Nattefrost's ghost (journeyman DsMo)
  9589 | D:11     | Reached **** piety under Okawaru
  9604 | D:11     | Noticed a two-headed ogre
  9615 | D:11     | Killed a two-headed ogre
  9616 | D:11     | Reached XP level 12. HP: 106/106 MP: 15/17
  9803 | D:11     | Reached skill level 13 in Axes
 10173 | D:11     | Found a staircase to the Orcish Mines.
 10275 | Lair:1   | Entered Level 1 of the Lair of Beasts
 10365 | Lair:1   | Noticed an eight-headed hydra
 10380 | Lair:1   | Killed a five-headed hydra
 10402 | Lair:1   | Noticed a six-headed hydra
 10415 | Lair:1   | Killed a three-headed hydra
 10415 | Lair:1   | Reached ***** piety under Okawaru
 10494 | Lair:1   | Reached skill level 14 in Axes
 10494 | Lair:1   | Reached skill level 10 in Invocations
 10530 | Lair:1   | Found the dreamshard necklace {Acrobat *Dream}
 11737 | Lair:2   | Noticed a boulder beetle
 11767 | Lair:2   | Killed a boulder beetle
 12120 | Lair:3   | Received a gift from Okawaru
 12201 | Lair:3   | Found a staircase to the Swamp.
 12202 | Lair:3   | Noticed a six-headed hydra
 12214 | Lair:3   | Killed a two-headed hydra
 12268 | Lair:3   | Noticed a six-headed hydra
 12276 | Lair:3   | Killed a one-headed hydra
 12277 | Lair:3   | Reached XP level 13. HP: 101/114 MP: 19/21
 12328 | Lair:3   | Found a hole to the Spider Nest.
 12681 | Lair:3   | Found a hide-covered altar of Uskayaw.
 12808 | Lair:4   | Noticed Snorg
 12820 | Lair:4   | Killed Snorg
 12986 | Lair:4   | Noticed Kirke
 13003 | Lair:4   | Noticed a sphinx
 13006 | Lair:4   | Killed Kirke
 13007 | Lair:4   | Reached skill level 15 in Axes
 13064 | Lair:4   | Received a gift from Okawaru
 13592 | Lair:4   | You fall into a shaft and drop 1 floor!
 13592 | Lair:5   | Entered Level 5 of the Lair of Beasts
 13601 | Lair:5   | Reached skill level 16 in Axes
 13842 | Lair:5   | Received a gift from Okawaru
 14202 | Lair:5   | Reached XP level 14. HP: 119/130 MP: 22/22
 14302 | Lair:5   | Received a gift from Okawaru
 14363 | Lair:5   | Reached skill level 17 in Axes
 14381 | Lair:5   | Found a runed translucent door.
 14381 | Lair:5   | Noticed Vig Uhad's ghost (journeyman OpSh)
 14779 | Lair:5   | Reached skill level 1 in Throwing
 15013 | D:12     | Noticed Psyche
 15020 | D:12     | Killed Psyche
 15081 | D:12     | Found a snail-covered altar of Cheibriados.
 15630 | D:7      | Bought a ring of willpower for 325 gold pieces
 15834 | D:13     | Reached skill level 15 in Fighting
 16265 | D:13     | Reached skill level 18 in Axes
 16552 | D:13     | Reached skill level 5 in Throwing
 16708 | D:11     | Killed Nattefrost's ghost
 16717 | D:11     | Identified the +2 ring mail of Valour {Int+4}
 16758 | Orc:1    | Entered Level 1 of the Orcish Mines
 16794 | Orc:1    | Noticed Fannar
 16812 | Orc:1    | Killed Fannar
 16812 | Orc:1    | Received a gift from Okawaru
 17318 | Orc:2    | Entered Level 2 of the Orcish Mines
 17318 | Orc:2    | Noticed an orc warlord
 17341 | Orc:2    | Killed an orc warlord
 17594 | Orc:2    | Found Dept's Antique Armour Boutique.
 17602 | Orc:2    | Found Sest's Assorted Antiques.
 17650 | Orc:2    | Found Soemit's Book Shop.
 17660 | Orc:2    | Found Etheutyw's Distillery.
 17663 | Orc:2    | Bought a pair of spiked gloves for 285 gold pieces
 17663 | Orc:2    | Identified the +0 pair of gloves of Huprunye {rN+ Str+3}
                  | (You bought it in a shop on level 2 of the Orcish Mines)
 17675 | Orc:2    | Bought a potion of might for 72 gold pieces
 17675 | Orc:2    | Bought a potion of curing for 54 gold pieces
 17675 | Orc:2    | Bought 2 potions of heal wounds for 180 gold pieces
 17675 | Orc:2    | Bought a potion of haste for 180 gold pieces
 17675 | Orc:2    | Bought a potion of curing for 54 gold pieces
 17677 | Orc:2    | Bought a potion of curing for 102 gold pieces
 17677 | Orc:2    | Bought a scroll of fear for 136 gold pieces
 17790 | Orc:2    | Found a staircase to the Elven Halls.
 18162 | D:14     | Reached XP level 15. HP: 141/141 MP: 21/23
 18454 | D:14     | Found a gate to the Vaults.
 18478 | D:14     | Reached skill level 10 in Throwing
 18526 | D:14     | Noticed Jorgrun
 18541 | D:14     | Killed Jorgrun
 18551 | D:14     | Noticed Azrael
 19287 | Spider:1 | Entered Level 1 of the Spider Nest
 19287 | Spider:1 | Noticed Nikola
 19288 | Spider:1 | Noticed Agnes
 19304 | Spider:1 | Killed Nikola
 19308 | Spider:1 | Killed Agnes
 19485 | Spider:1 | Noticed Roxanne
 19664 | Spider:1 | Received a gift from Okawaru
 20463 | D:3      | Killed sausages's ghost
 20820 | Spider:1 | Noticed Detar's ghost (adept HOFi)
 20821 | Spider:1 | Found a runed translucent door.
 21190 | Spider:2 | Received a gift from Okawaru
 21205 | Spider:2 | Identified a scroll of acquirement
 21213 | Spider:2 | Acquired the scarf "Osizxugu" {rC+ rF+, Rampage +Blink
                  | rElec Regen+}
 21409 | Arena    | Entered the Arena
 21658 | Spider:2 | Noticed an emperor scorpion
 21665 | Spider:2 | Killed an emperor scorpion
 21666 | Spider:2 | Reached XP level 16. HP: 141/151 MP: 21/24
 22493 | Spider:3 | Reached skill level 19 in Axes
 22703 | Spider:3 | Reached skill level 5 in Shields
 23818 | Spider:4 | Entered Level 4 of the Spider Nest
 23949 | Spider:4 | Received a gift from Okawaru
 24032 | Spider:4 | Found a glacial archway.
 24040 | IceCv    | Entered an ice cave
 24331 | IceCv    | Received a gift from Okawaru
 24399 | IceCv    | Reached XP level 17. HP: 162/162 MP: 18/25
 24471 | IceCv    | Identified the ring of Noyly {Ice rN+ SInv}
 24742 | Spider:4 | Reached skill level 20 in Axes
 25035 | Spider:4 | Received a gift from Okawaru
 25329 | Spider:4 | Identified the +0 hat of the Guilds {rC+ Int+3}
 25352 | Spider:4 | Got a gossamer rune of Zot
 25556 | Swamp:1  | Entered Level 1 of the Swamp
 26229 | Swamp:2  | Paralysed by a hornet for 1 turns
 26230 | Arena    | Entered the Arena
 26247 | Swamp:2  | Paralysed by a hornet for 2 turns
 26366 | Swamp:2  | Received a gift from Okawaru
 26618 | Swamp:2  | You fall into a shaft and drop 1 floor!
 26886 | Swamp:3  | Reached skill level 15 in Armour
 26889 | Swamp:3  | Noticed a tentacled monstrosity
 26911 | Swamp:3  | Killed a tentacled monstrosity
 27252 | Swamp:4  | Entered Level 4 of the Swamp
 27266 | Swamp:4  | Reached skill level 21 in Axes
 27277 | Swamp:4  | Found a runed translucent gate.
 27285 | Swamp:4  | Found a runed translucent gate.
 27302 | Swamp:4  | Found a runed translucent gate.
 27317 | Swamp:4  | Noticed Skimidon's ghost (adept OnBr)
 27642 | Swamp:4  | Received a gift from Okawaru
 27732 | Swamp:4  | Reached XP level 18. HP: 174/174 MP: 26/26
 27895 | Swamp:4  | Got a decaying rune of Zot
 28470 | D:14     | Killed Azrael
 28750 | D:15     | Entered Level 15 of the Dungeon
 28867 | D:15     | Noticed Rupert
 28880 | D:15     | Killed Rupert
 28893 | D:15     | Received a gift from Okawaru
 29120 | D:15     | Found a staircase to the Depths.
 29612 | Depths:1 | Entered Level 1 of the Depths
 29629 | Depths:1 | Found a magical portal.
 29679 | WizLab   | Entered Lehudib's Moon Base
 29967 | Abyss:3  | Cast into level 3 of the Abyss (unwielding a weapon of
                  | distortion)
 30065 | Abyss:3  | Found a corrupted altar of Lugonu.
 30066 | Abyss:3  | Found a corrupted altar of Lugonu.
 30066 | Abyss:3  | Found a corrupted altar of Lugonu.
 30082 | Depths:1 | Escaped the Abyss
 30145 | Depths:1 | Identified the +3 chain mail of Blue Skies {rC- MP+9 Int-4
                  | Dex+8}
 30147 | Depths:1 | Got the Tractate on Cold and Reformation
 30187 | Depths:1 | Reached skill level 22 in Axes
 30190 | Depths:1 | Noticed a lich
 30212 | Depths:1 | Killed a lich
 30223 | Depths:1 | Noticed a golden dragon
 30231 | Depths:1 | Identified the +4 glaive "Widghoxt" {antimagic, +Blink}
 30245 | Depths:1 | Killed a golden dragon
 30288 | Depths:1 | Noticed a caustic shrike
 30296 | Arena    | Entered the Arena
 30420 | Depths:1 | Killed a caustic shrike
 30420 | Depths:1 | Received a gift from Okawaru
 30497 | Vaults:1 | Entered Level 1 of the Vaults
 30537 | Vaults:1 | Noticed Asterion
 30549 | Vaults:1 | Killed Asterion
 30561 | Vaults:1 | Reached XP level 19. HP: 100/185 MP: 21/27
 31035 | Vaults:3 | Found a staircase to the Crypt.
 31116 | Vaults:3 | Received a gift from Okawaru
 31616 | Vaults:3 | Found Seyril's Book Shoppe.
 31661 | Vaults:3 | Received a gift from Okawaru
 31819 | Vaults:4 | Paralysed by a formless jellyfish for 1 turns
 31840 | Vaults:4 | Found Pesydiy's Weapon Shoppe.
 31975 | Vaults:4 | Reached skill level 23 in Axes
 32385 | Vaults:4 | You fall into a shaft and drop 1 floor!
 32385 | Vaults:5 | Entered Level 5 of the Vaults
 32413 | Vaults:5 | Received a gift from Okawaru
 32447 | Vaults:5 | Noticed a golden dragon
 32475 | Vaults:5 | Killed a golden dragon
 32525 | Vaults:5 | Reached XP level 20. HP: 198/198 MP: 26/28
 32531 | Vaults:5 | Noticed a golden dragon
 32550 | Vaults:5 | Received a gift from Okawaru
 32554 | Vaults:5 | Killed a golden dragon
 33066 | Vaults:5 | Received a gift from Okawaru
 33139 | Vaults:5 | Reached skill level 24 in Axes
 33309 | Vaults:5 | Noticed a golden dragon
 33330 | Vaults:5 | Killed a golden dragon
 33408 | Vaults:5 | Reached XP level 21. HP: 184/209 MP: 29/29
 33434 | Vaults:5 | Identified the +5 dagger "Piwimo" {elec, ^Fragile rF+++ rN+
                  | Int+3}
 33440 | Vaults:5 | Noticed Jory
 33461 | Vaults:5 | Killed Jory
 33461 | Vaults:5 | Received a gift from Okawaru
 33664 | Vaults:5 | Got the Grimoire of Familiar Fumes
 33953 | Vaults:5 | Identified the +6 sling of the World {heavy, rN+}
 34087 | Vaults:5 | Identified the staff of Extermination {Will++ Int-2 Ice
                  | Earth}
 34089 | Vaults:5 | Got a shining gem with 575 turns to spare
 34091 | Vaults:5 | Got a silver rune of Zot
 34487 | Depths:2 | Found Qesor's Antique Weapon Emporium.
 34502 | Depths:2 | Found a one-way gateway to a ziggurat.
 34526 | Depths:2 | Reached skill level 15 in Throwing
 34536 | Depths:2 | Found a gateway to Hell.
 34569 | Abyss:3  | Found a corrupted altar of Lugonu.
 34569 | Abyss:3  | Cast into level 3 of the Abyss (hell knight)
 34830 | Abyss:3  | Noticed a dread lich
 34840 | Abyss:3  | Killed a dread lich
 34887 | Depths:2 | Escaped the Abyss
 34985 | Depths:3 | Found Wouhem's Assorted Antiques.
 34995 | Depths:3 | Bought a scroll of acquirement for 1820 gold pieces
 34995 | Depths:3 | Acquired the ring "Fibe" {rF+ rC+ Dex+4}
 35081 | Depths:4 | Entered Level 4 of the Depths
 35249 | Depths:4 | Gained mutation: Armour fits poorly on your strangely
                  | shaped body. [a shining eye]
 35661 | Depths:4 | Found a gate to the Realm of Zot.
 35672 | Depths:4 | Received a gift from Okawaru
 35704 | Depths:4 | Got a midnight gem with 1560 turns to spare
 35708 | Zot:1    | Entered Level 1 of the Realm of Zot
 35747 | Arena    | Entered the Arena
 35752 | Arena    | Reached skill level 25 in Axes
 35838 | Zot:1    | Noticed a golden dragon
 35849 | Zot:1    | Killed a golden dragon
 35966 | Zot:1    | You fall into a shaft and drop 1 floor!
 36094 | Zot:1    | Reached XP level 22. HP: 124/220 MP: 25/30
 36452 | Zot:3    | Noticed a golden dragon
 36455 | Zot:3    | Killed a golden dragon
 36571 | Zot:4    | Noticed a golden dragon
 36582 | Zot:4    | Killed a golden dragon
 36946 | Zot:4    | Reached skill level 26 in Axes
 37495 | Zot:5    | Entered Level 5 of the Realm of Zot
 37514 | Zot:5    | Noticed a golden dragon
 37528 | Zot:5    | Killed a golden dragon
 37622 | Zot:5    | Noticed a golden dragon
 37623 | Zot:5    | Found a transporter.
 37624 | Zot:5    | Found a transporter.
 37627 | Zot:5    | Noticed a golden dragon
 37630 | Zot:5    | Killed a golden dragon
 37641 | Zot:5    | Found a transporter.
 37641 | Zot:5    | Found a transporter.
 37644 | Zot:5    | Noticed a curse toe
 37746 | Zot:4    | Killed a golden dragon
 37774 | Zot:5    | Killed a curse toe
 38065 | Zot:5    | Found a transporter.
 38070 | Zot:5    | Found a transporter.
 38084 | Zot:5    | Identified the +1 chain mail "Moidghae" {rN+}
 38394 | Zot:5    | Acquired 852 gold pieces
 38433 | Zot:5    | Noticed an orb of fire
 38441 | Zot:5    | Noticed an orb of fire
 38446 | Zot:5    | Reached XP level 23. HP: 208/232 MP: 25/31
 38448 | Zot:5    | Received a gift from Okawaru
 38451 | Zot:5    | Killed an orb of fire
 38457 | Zot:5    | Killed an orb of fire
 38468 | Zot:5    | Noticed a Killer Klown
 38473 | Zot:5    | Noticed an ancient lich
 38478 | Zot:5    | Killed a Killer Klown
 38478 | Zot:5    | Noticed an orb of fire
 38479 | Zot:5    | Noticed a Killer Klown
 38489 | Zot:5    | Noticed an orb of fire
 38494 | Zot:5    | Killed an ancient lich
 38501 | Zot:5    | Gained mutation: You passively dampen the noise of your
                  | surroundings. [an orb of fire]
 38506 | Zot:5    | Killed a Killer Klown
 38509 | Zot:5    | Killed an orb of fire
 38525 | Zot:5    | Killed an orb of fire
 38534 | Zot:5    | Noticed an ancient lich
 38546 | Zot:5    | Killed an ancient lich
 38546 | Zot:5    | Received a gift from Okawaru
 38554 | Zot:5    | Noticed a Killer Klown
 38567 | Zot:5    | Killed a Killer Klown
 38599 | Zot:5    | Noticed an ancient lich
 38602 | Zot:5    | Noticed an ancient lich
 38620 | Zot:5    | Killed an ancient lich
 38624 | Zot:5    | Killed an ancient lich
 38625 | Zot:5    | Reached skill level 27 in Axes
 38883 | Zot:5    | Noticed a Killer Klown
 38900 | Zot:5    | Killed a Killer Klown
 39005 | Zot:5    | Got the Orb of Zot
 39251 | Depths:4 | Noticed Inteud the pandemonium lord
 39257 | Depths:3 | Noticed Wiukekh the pandemonium lord
 39346 | D:14     | Noticed a seraph
 39706 | D:$      | Escaped with the Orb!

Illustrated notes

Levels and vault maps discovered:
D:1:      onia_arrival_mini_spirals, layout_basic
D:2:      layout_basic
D:3:      minmay_skewed_foursquare, layout_basic, yredelemnul_altar_generic,
          dreamdust_ecumenical_altar_sealed_demon, gammafunk_ghost_split
D:4:      layout_basic, jmf_multi_god_temple2,
          minmay_temple_entry_statues_fountains, uniq_blork_the_orc
D:5:      layout_basic, makhleb_grotto_becter, gup_sewer_entry_bowl,
          serial_shops, shop, nicolae_shop_peninsula
D:6:      minmay_klotski, layout_basic, general_overflow_altar,
          nicolae_dithmenos_shadow_blocks, dreamdust_princess_bridge,
          uniq_prince_ribbit1
D:7:      minmay_the_grid_octo_tiled_squarecenter [minmay_the_grid_octo_77,
          minmay_the_grid_octo_focus, minmay_the_grid_octo_shrine,
          minmay_the_grid_octo_vomiting_pacman,
          minmay_the_grid_square_5x5_megaprize_checkered,
          minmay_the_grid_square_5x5_half_checkered,
          minmay_the_grid_square_5x5_lines, minmay_the_grid_square_5x5_comb,
          minmay_the_grid_square_5x5_slash], layout_loops_ring, enter_bailey_2,
          serial_shops, shop, nicolae_concentric_dashed_squares_wild
D:8:      layout_basic, okawaru_gym_becter, grunt_temple_overflow_open,
          serial_shops, nicolae_take_the_stairs, small_statue_alley_b
D:9:      layout_irregular_city, regret_index_xom_of_box,
          lightli_corner_chamber, uniq_pikel, uniq_harold, uniq_erica,
          uniq_erolcha
D:10:     layout_cave_pools, trog_butcher_becter, kennysheep_little_box,
          david_lair_generic, serial_shops, nicolae_shop_tiny_statue_garden,
          fountainhead
D:11:     layout_small_grid, minmay_orc_entry_temple_small,
          ebering_ghost_reflecting_pool, st_stairs_4, minmay_statues_item,
          minmay_holes, lemuel_old_faithful
D:12:     layout_cave_pools, cheibriados_altar_1, uniq_psyche
D:13:     layout_roguey [special_room_orc]
D:14:     layout_long_grid, lightli_vaults_fourway_checkpoint, uniq_azrael,
          uniq_jorgrun
D:15:     gammafunk_depths_entry_grave, layout_rooms, hex_intersection,
          serial_corexii_hall, chequers_hall_statues_corner_a,
          corexii_hall_statues_x, grunt_ministairs_14, minivault_11,
          nicolae_figureground_pulse, uniq_rupert
Temple:   hellmonk_temple_micro_hex
Lair:1:   layout_regular_city, roderic_batcave, nzn_random_ring
Lair:2:   layout_hall_layers, grunt_megastairs_3
Lair:3:   layout_loops_ring, minmay_swamp_entry_reptiles,
          nicolae_spider_entry_non_spiders, basic_altar
Lair:4:   layout_loops_ring, minmay_slime_entry_oklob_open,
          hangedman_lair_generics_rect, grunt_megastairs_5, uniq_kirke,
          uniq_snorg
Lair:5:   hangedman_lair_in_review, layout_regular_city,
          guppyfry_lair_end_dragon, ebering_ghost_inner_flame,
          hellmonk_talismancer
Swamp:1:  layout_falls_marsh, evilmike_swamp_ruin_house_3,
          infiniplex_staircase_pool, nicolae_swamp_tree_isthmus
Swamp:2:  layout_basic_swamp, nicolae_swamp_round_clearing, swamp_pool_1_2,
          nzn_swamp_dancing_lights
Swamp:3:  layout_basic_swamp, evilmike_swamp_ruin_house_2,
          nicolae_swamp_decorative_isthmus
Swamp:4:  swamp, layout_basic_swamp, gammafunk_ghost_hydra_chop, swamp_pool_4,
          statue_in_the_mist_lemuel, nicolae_swamp_nymph_family_reunion,
          infiniplex_staircase_pool_2
Spider:1: layout_cave_pods, gammafunk_ghost_grave, uniq_nikola, uniq_agnes,
          uniq_roxanne
Spider:2: layout_chambers, nicolae_spider_baby_got_redback
Spider:3: layout_spider_delve, drop_trap
Spider:4: spider_rune_water, portal_ice_cave_entry_pillars_1
Orc:1:    nicolae_orc_accident_1, layout_caves, basic_altar, uniq_fannar
Orc:2:    st_orc_mages, layout_caves
Vaults:1: nicolae_vaults_offset_grid_hallway_3, nicolae_whirlpool, v_pattern_1,
          nicolae_vaults_door_testing_chamber, nicolae_vaults_little_squares_5,
          hangedman_vaults_hat, nicolae_vaults_sesquioval_fish,
          vaults_room_semicircle, vaults_room_door_hall,
          nicolae_vaults_ninety_degrees, nicolae_vaults_trapezoid_lopsided_1,
          vaults_dpeg_encased_lava, nicolae_vaults_lightning_bolt,
          layout_vaults_maze_bifur, uniq_asterion, uniq_boris
Vaults:2: v_rooms_5, nicolae_vaults_trapezoid_4, v_misc_13, v_misc_4,
          nicolae_vaults_tetromino_L_2, dpeg_vaults_monster_row,
          ontoclasm_vaults_decontamination, minmay_orc_keep,
          nicolae_vaults_house_1, nicolae_vaults_storage_closets_1,
          layout_vaults_omnicross
Vaults:3: v_misc_25, kb_rosetta, v_misc_16, nicolae_vaults_trapezoid_4,
          v_misc_9, nicolae_vaults_apartment_1, layout_vaults_omnigrid,
          dummy_crypt_entry, serial_shops, nicolae_book_shop_shelving
Vaults:4: serial_ice_g, nicolae_vaults_minivaults,
          nicolae_vaults_cornered_office, nicolae_vaults_hallways_thing,
          nicolae_vaults_storage_closets_2, ontoclasm_vaults_ligature,
          nicolae_vaults_weapon_check, nicolae_vaults_diamond_1,
          layout_vaults_chaotic_city, serial_shops, shop, shop
Vaults:5: serial_shops, uniq_jory
Depths:1: layout_gridlike, hell_entry, nicolae_kikubaaqudgha_miasma_corner,
          mu_enter_wizlab_5, minmay_shop_enchanted_jewellery, st_stairs_6,
          minmay_multi_spiral
Depths:2: minmay_curly_fans, layout_cave_pools, enter_ziggurat_e,
          rand_demon_pan_entry_4, serial_shops,
          nicolae_shop_temple_entry_statues_fountains, shop, shop, shop,
          hell_entry, grunt_decor_arrowhead
Depths:3: impenetrable_vault, layout_twisted_cross, serial_shops,
          nicolae_shop_stone, nicolae_shop_peninsula, shop,
          abyss_entry_flame_altar, nicolae_wu_jian_wuxing_cycle, hellmouth_1,
          uniq_grunn
Depths:4: grunt_zot_entry_tricorne, layout_honeycomb,
          nicolae_hell_entry_hellmouth_sunbeams, grunt_pan_entry_in_and_out,
          minmay_tree_intersection, hangedman_blasphemy
Zot:1:    layout_basic, regret_index_zotdec_twisting_globes
Zot:2:    nicolae_zot_stationary_front, layout_misc_corridors,
          nicolae_transporter_circle
Zot:3:    layout_cathedral_of_symmetry
Zot:4:    layout_gridlike, zot_minivault_1
Zot:5:    layout_concentric_octagons, serial_nicolae_subway,
          nicolae_sub_station_metal, nicolae_sub_station_stone,
          nicolae_sub_station_crystal

Skill      XL: |  1  2  3  4  5  6  7  8  9 10 11 12 13 14 15 16 17 18 19 20 21 22 23 |
---------------+----------------------------------------------------------------------+-----
Fighting       | 4 5 6 7 8 9 10 13 15 16 17 18 20 21 22 23 24 26 | 26.1
Axes           | 3 4 5 6 8 12 14 16 18 19 21 22 23 24 25 26 27 | 27.0
Evocations     | 1 5 |  5.0
Armour         | 6 10 11 13 15 17 18 19 21 22 24 | 24.0
Dodging        | 5 8 9 |  9.4
Invocations    | 3 8 12 | 12.0
Throwing       | 8 11 13 14 16 | 16.0
Shields        | 8 9 |  9.0

Action                     |  1- 3 |  4- 6 |  7- 9 | 10-12 | 13-15 | 16-18 | 19-21 | 22-24 || total
---------------------------+-------+-------+-------+-------+-------+-------+-------+-------++-------
  Melee: War axe           |    57 |    83 |    56 |    26 |       |       |       |       ||   222
         Headbutt          |     7 |    15 |    54 |   154 |   280 |   354 |   371 |   223 ||  1458
         Hand axe          |       |       |   201 |   199 |       |       |       |       ||   400
         Broad axe         |       |       |       |   408 |  1121 |  1465 |  1428 |   747 ||  5169
         Scimitar          |       |       |       |    20 |    25 |       |       |       ||    45
  Throw: Dart              |     4 |       |    11 |    23 |    11 |     1 |       |       ||    50
         Throwing net      |       |       |       |     1 |       |       |       |       ||     1
         Javelin           |       |       |       |       |     6 |     1 |     1 |    23 ||    31
         Boomerang         |       |       |       |       |     2 |     5 |       |   115 ||   122
 Invoke: Heroism           |       |       |       |    11 |    28 |    22 |    24 |    17 ||   102
         Finesse           |       |       |       |       |     9 |     7 |    14 |     8 ||    38
         Duel              |       |       |       |       |     1 |     2 |     1 |       ||     4
Ability: Evoke Blink       |       |       |       |       |       |       |       |     2 ||     2
  Evoke: Wand              |       |       |     6 |    12 |     3 |     2 |     1 |     5 ||    29
         Tin of tremorston |       |       |       |       |       |     3 |     4 |       ||     7
         Phial of floods   |       |       |       |       |       |     1 |     1 |       ||     2
    Use: Scroll            |     4 |     1 |     3 |    23 |    10 |    10 |     8 |     5 ||    64
         Potion            |       |     1 |     3 |     5 |     4 |    17 |    14 |    20 ||    64
   Stab: Invisible         |       |       |       |     1 |     1 |    15 |     3 |       ||    20
         Distracted        |       |       |       |       |     1 |     1 |       |       ||     2
         Held in net/web   |       |       |       |       |       |     1 |       |       ||     1
 Armour: Scale mail        |    29 |    37 |       |       |       |       |       |       ||    66
         Plate armour      |       |    13 |   201 |   541 |  1088 |   451 |       |       ||  2294
         Crystal plate arm |       |       |       |       |       |  1241 |  1190 |   540 ||  2971
         Gold dragon scale |       |       |       |       |       |       |       |   257 ||   257
         Skin              |       |       |       |       |       |       |       |    39 ||    39
  Dodge: Dodged            |    30 |    33 |    71 |   289 |   437 |   561 |   433 |   259 ||  2113
  Block: Buckler           |     8 |    15 |    40 |   119 |   235 |   362 |   232 |   238 ||  1249
         Kite shield       |       |       |       |       |       |       |   193 |       ||   193
